General information
- name: BNet
- type: Ladder team game (AT/RT)
- host: Battle.net
- saver: PhantomDerNacht
map: TwilightRuins
- players: 8
- length: 36:14
- speed: Fast
- version: 1.26 W3XP
- replay type: Public
» download(192 KB)
Players
team 1 (loser)

»
UDWORKER (
pink | 65 APM | 2350 actions | 36:14)
5 Demon Hunter
3 Mana Burn
2 Evasion
4 Pandaren Brewmaster
2 Breath of Fire
2 Drunken Haze
2 Priestess of the Moon
1 Searing Arrows
1 Trueshot Aura
1 Beastmaster
1 Summon Hawk
» actions
| Assign group hotkey | 79 | |
| Basic commands | 171 | |
| Build / train | 91 | |
| ESC pressed | 7 | |
| Enter build submenu | 50 | |
| Enter hero's abilities submenu | 12 | |
| Give item / drop item | 2 | |
| Right click | 730 | |
| Select / deselect | 432 | |
| Select group hotkey | 584 | |
| Use ability | 192 | |
2350 total
» units
| Wisp | 38 | |
| Archer | 9 | |
| Druid of the Claw | 10 | |
| Dryad | 1 | |
58 total
» upgrades
| Improved Bows | 1 | |
| Druid of the Claw Training | 2 | |
3 total
» buildings
| Altar of Elders | 1 | |
| Ancient of War | 1 | |
| Moon Well | 16 | |
| Hunter's Hall | 2 | |
| Tree of Ages | 2 | |
| Ancient Protector | 7 | |
| Tree of Life | 16 | |
| Ancient of Lore | 2 | |
| Tree of Eternity | 2 | |
49 total
» build order
00:24 Altar of Elders
00:25 Ancient of War
00:29 Moon Well
01:42 Moon Well
02:20 Hunter's Hall
02:24 Moon Well
02:57 Moon Well
03:54 Tree of Ages
05:16 Ancient Protector
06:02 Tree of Life
06:44 Ancient of Lore
07:32 Tree of Eternity
07:32 Tree of Eternity
07:39 Ancient of Lore
08:43 Ancient Protector
08:45 Ancient Protector
13:11 Tree of Life
13:14 Moon Well
13:16 Moon Well
13:18 Moon Well
13:19 Moon Well
13:59 Moon Well
14:00 Moon Well
14:00 Moon Well
17:01 Moon Well
17:02 Moon Well
17:03 Moon Well
17:03 Moon Well
18:25 Tree of Life
18:27 Ancient Protector
18:28 Ancient Protector
18:29 Ancient Protector
18:30 Ancient Protector
18:33 Tree of Life
20:48 Tree of Life
25:05 Hunter's Hall
28:49 Tree of Ages
31:47 Tree of Life
31:48 Tree of Life
31:49 Tree of Life
31:49 Tree of Life
31:50 Tree of Life
31:51 Tree of Life
31:52 Tree of Life
31:54 Tree of Life
32:21 Tree of Life
32:22 Tree of Life
32:26 Moon Well
32:27 Tree of Life
» items
| Replenishment Potion | 1 | |
| Boots of Speed | 1 | |
| Potion of Lesser Invulnerability | 1 | |
| Scroll of Town Portal | 2 | |
5 total
IRONFIST.D (
red | 45 APM | 1630 actions | 36:07)
6 Far Seer
3 Feral Spirit
2 Chain Lighting
1 Earth Quake
» actions
| Assign group hotkey | 72 | |
| Basic commands | 69 | |
| Build / train | 57 | |
| Enter build submenu | 18 | |
| Enter hero's abilities submenu | 6 | |
| Give item / drop item | 5 | |
| Right click | 574 | |
| Select / deselect | 262 | |
| Select group hotkey | 375 | |
| Use ability | 191 | |
1630 total
» units
| Peon | 10 | |
| Goblin Shredder | 10 | |
| Goblin Sapper | 6 | |
| Wind Rider | 3 | |
| Troll Batrider | 4 | |
| Raider | 2 | |
35 total
» upgrades
| Reinforced Defenses | 1 | |
| Ranged Weapons | 2 | |
| Armor | 2 | |
| Envenomed Spears | 1 | |
| Liquid Fire | 1 | |
| Pillage | 1 | |
8 total
» buildings
| Altar of Storms | 1 | |
| Orc Burrow | 6 | |
| Voodoo Lounge | 1 | |
| Stronghold | 1 | |
| War Mill | 1 | |
| Great Hall | 1 | |
| Fortress | 2 | |
| Watch Tower | 15 | |
| Beastiary | 3 | |
31 total
» build order
00:08 Altar of Storms
00:21 Orc Burrow
01:03 Voodoo Lounge
01:25 Orc Burrow
02:31 Stronghold
03:11 War Mill
03:18 Orc Burrow
04:06 Orc Burrow
04:27 Great Hall
05:13 Fortress
06:24 Watch Tower
06:26 Watch Tower
06:27 Watch Tower
06:27 Watch Tower
07:02 Beastiary
07:03 Beastiary
08:59 Beastiary
09:28 Watch Tower
09:37 Watch Tower
11:32 Watch Tower
11:32 Watch Tower
11:32 Watch Tower
12:05 Watch Tower
12:05 Watch Tower
12:12 Orc Burrow
12:12 Orc Burrow
15:01 Watch Tower
15:01 Watch Tower
15:02 Watch Tower
15:03 Watch Tower
» items
| Healing Salve | 1 | |
| Lesser Clarity Potion | 1 | |
| Staff of Teleportation | 1 | |
3 total
PhantomDerNacht (
green | 79 APM | 2881 actions | 36:14)
6 Archmage
3 Summon Water Elemental
2 Brilliance Aura
1 Mass Teleport
1 Dark Ranger
1 Black Arrow
» actions
| Assign group hotkey | 150 | |
| Basic commands | 105 | |
| Build / train | 167 | |
| ESC pressed | 1 | |
| Enter build submenu | 59 | |
| Enter hero's abilities submenu | 7 | |
| Give item / drop item | 16 | |
| Right click | 978 | |
| Select / deselect | 419 | |
| Select group hotkey | 726 | |
| Use ability | 253 | |
2881 total
» units
| Peasant | 16 | |
| Footman | 5 | |
| Goblin Shredder | 2 | |
| Gryphon Rider | 4 | |
| Goblin Zeppelin | 2 | |
29 total
» upgrades
| Masonry | 3 | |
| Swords | 3 | |
| Armor | 3 | |
| Lumber Harvesting | 1 | |
| Animal War Training | 1 | |
| Storm Hammers | 1 | |
| Cloud | 1 | |
| Plating | 4 | |
| Gunpowder | 3 | |
| Barrage | 1 | |
| Fragmentation Shards | 1 | |
| Long Rifles | 1 | |
| Defend | 1 | |
| Flak Cannons | 1 | |
| Flying Machine Bombs | 1 | |
| Flare | 1 | |
27 total
» buildings
| Altar of Kings | 1 | |
| Barracks | 1 | |
| Farm | 8 | |
| Arcane Vault | 1 | |
| Lumber Mill | 1 | |
| Town Hall | 4 | |
| Scout Tower | 38 | |
| Guard Tower | 46 | |
| Keep | 3 | |
| Blacksmith | 1 | |
| Castle | 3 | |
| Gryphon Aviary | 3 | |
| Workshop | 2 | |
112 total
» build order
00:48 Altar of Kings
00:53 Barracks
00:54 Farm
01:19 Farm
01:21 Farm
02:00 Arcane Vault
02:14 Farm
02:31 Lumber Mill
03:13 Farm
03:54 Town Hall
03:59 Scout Tower
04:01 Scout Tower
04:02 Scout Tower
04:04 Scout Tower
04:49 Guard Tower
04:49 Guard Tower
04:49 Guard Tower
05:28 Keep
05:29 Keep
05:29 Keep
06:08 Blacksmith
06:11 Guard Tower
06:12 Guard Tower
07:24 Farm
07:25 Farm
07:50 Scout Tower
07:51 Scout Tower
07:51 Scout Tower
07:52 Scout Tower
07:58 Scout Tower
08:10 Castle
08:10 Castle
08:12 Gryphon Aviary
08:13 Gryphon Aviary
09:09 Farm
10:11 Scout Tower
10:14 Scout Tower
10:15 Scout Tower
10:16 Scout Tower
10:18 Scout Tower
10:19 Scout Tower
10:21 Guard Tower
10:54 Guard Tower
10:54 Guard Tower
10:54 Guard Tower
10:55 Guard Tower
12:10 Guard Tower
12:10 Guard Tower
12:32 Gryphon Aviary
13:57 Scout Tower
13:59 Scout Tower
14:01 Scout Tower
14:02 Scout Tower
14:03 Scout Tower
14:04 Scout Tower
14:05 Scout Tower
14:07 Scout Tower
14:44 Guard Tower
14:44 Workshop
15:18 Guard Tower
15:18 Guard Tower
15:41 Workshop
16:08 Scout Tower
16:08 Scout Tower
17:13 Guard Tower
18:42 Scout Tower
18:43 Scout Tower
19:10 Town Hall
19:11 Scout Tower
19:13 Scout Tower
19:14 Scout Tower
19:33 Guard Tower
19:33 Guard Tower
19:33 Guard Tower
20:06 Town Hall
20:08 Scout Tower
20:10 Scout Tower
20:12 Scout Tower
20:16 Scout Tower
20:17 Guard Tower
20:18 Guard Tower
20:18 Guard Tower
20:22 Guard Tower
20:23 Guard Tower
20:51 Guard Tower
20:52 Guard Tower
20:52 Guard Tower
26:00 Town Hall
26:09 Scout Tower
26:11 Scout Tower
26:13 Scout Tower
26:17 Scout Tower
26:53 Guard Tower
26:53 Guard Tower
26:53 Guard Tower
26:54 Guard Tower
» items
| Staff of Teleportation | 2 | |
| Scroll of Regeneration | 3 | |
| Mechanical Critter | 4 | |
| Potion of Invulnerability | 2 | |
| Scroll of Town Portal | 2 | |
| Periapt of Vitality | 1 | |
| Boots of Speed | 1 | |
| Potion of Lesser Invulnerability | 1 | |
| Circlet of Nobility | 1 | |
| Pendant of Energy | 1 | |
| Mana Stone | 1 | |
| Claws of Attack +6 | 1 | |
20 total

»
Justyy (
blue | 90 APM | 1194 actions | 13:12)
4 Beastmaster
2 Summon Bear
2 Summon Hawk
1 Priestess of the Moon
1 Trueshot Aura
» actions
| Assign group hotkey | 77 | |
| Basic commands | 60 | |
| Build / train | 68 | |
| ESC pressed | 4 | |
| Enter build submenu | 21 | |
| Enter hero's abilities submenu | 5 | |
| Give item / drop item | 1 | |
| Remove unit from queue | 2 | |
| Right click | 414 | |
| Select / deselect | 241 | |
| Select group hotkey | 252 | |
| Use ability | 49 | |
1194 total
» units
| Wisp | 23 | |
| Archer | 17 | |
| Goblin Shredder | 5 | |
| Druid of the Claw | 2 | |
47 total
» upgrades
| Improved Bows | 1 | |
| Strength of the Moon | 1 | |
| Druid of the Claw Training | 2 | |
| Strength of the Wild | 1 | |
| Mark of the Claw | 1 | |
6 total
» buildings
| Ancient of War | 1 | |
| Moon Well | 6 | |
| Altar of Elders | 1 | |
| Tree of Life | 4 | |
| Tree of Ages | 2 | |
| Hunter's Hall | 1 | |
| Ancient of Lore | 3 | |
| Tree of Eternity | 1 | |
| Ancient Protector | 1 | |
20 total
» build order
00:27 Ancient of War
00:41 Moon Well
01:17 Moon Well
01:24 Altar of Elders
03:02 Tree of Life
03:28 Moon Well
04:09 Tree of Ages
04:10 Tree of Ages
05:56 Hunter's Hall
06:28 Moon Well
07:16 Ancient of Lore
07:37 Ancient of Lore
07:51 Tree of Eternity
07:58 Ancient of Lore
08:00 Moon Well
08:18 Moon Well
09:11 Tree of Life
10:00 Tree of Life
11:42 Tree of Life
13:06 Ancient Protector
» items
| Boots of Speed | 1 | |
| Scroll of Healing | 1 | |
2 total
team 2 (winner)
richmond (
yellow | 39 APM | 874 actions | 22:20)
2 Tauren Chieftain
1 War Stomp
1 Endurance Aura
2 Shadow Hunter
1 Hex
1 Healing Wave
» actions
| Assign group hotkey | 47 | |
| Basic commands | 4 | |
| Build / train | 67 | |
| Enter build submenu | 30 | |
| Enter hero's abilities submenu | 4 | |
| Give item / drop item | 1 | |
| Remove unit from queue | 11 | |
| Right click | 415 | |
| Select / deselect | 214 | |
| Select group hotkey | 7 | |
| Use ability | 74 | |
874 total
» units
| Peon | 16 | |
| Spirit Walker | 1 | |
| Raider | 5 | |
| Shaman | 1 | |
| Wind Rider | 2 | |
25 total
» upgrades
| Ranged Weapons | 2 | |
| Armor | 1 | |
| Reinforced Defenses | 1 | |
| Spirit Walker Training | 1 | |
| Ensnare | 1 | |
| Pillage | 1 | |
| Shaman Training | 2 | |
| Envenomed Spears | 1 | |
| Spiked Barricades | 1 | |
11 total
» buildings
| Altar of Storms | 1 | |
| Orc Burrow | 8 | |
| War Mill | 2 | |
| Voodoo Lounge | 2 | |
| Stronghold | 1 | |
| Great Hall | 1 | |
| Fortress | 1 | |
| Spirit Lodge | 1 | |
| Watch Tower | 9 | |
| Beastiary | 2 | |
28 total
» build order
00:12 Altar of Storms
00:23 Orc Burrow
00:51 Orc Burrow
01:44 War Mill
01:55 Voodoo Lounge
02:02 Voodoo Lounge
02:53 Stronghold
03:21 Great Hall
04:08 Orc Burrow
05:16 Fortress
05:21 Spirit Lodge
06:37 Orc Burrow
07:02 Watch Tower
07:05 Watch Tower
07:16 Beastiary
07:18 Beastiary
07:47 Watch Tower
08:39 Orc Burrow
11:43 Watch Tower
11:48 Watch Tower
13:39 Orc Burrow
14:04 Watch Tower
16:54 Watch Tower
17:10 Watch Tower
17:18 War Mill
17:53 Orc Burrow
18:02 Orc Burrow
18:57 Watch Tower
» items
| Healing Salve | 3 | |
| Lesser Clarity Potion | 4 | |
| Tiny Great Hall | 1 | |
| Scroll of Speed | 3 | |
| Scroll of Town Portal | 1 | |
| Potion of Healing | 1 | |
13 total

»
SuKMiBallz (
purple | 1 APM | 46 actions | 36:14)
Newbs. (
orange | 21 APM | 443 actions | 21:30)
3 Blood Mage
2 Flame Strike
1 Siphon Mana
» actions
| Basic commands | 12 | |
| Build / train | 63 | |
| Enter build submenu | 20 | |
| Enter hero's abilities submenu | 3 | |
| Right click | 102 | |
| Select / deselect | 205 | |
| Use ability | 38 | |
443 total
» units
| Peasant | 11 | |
| Mortar Team | 6 | |
| Flying Machine | 31 | |
48 total
» upgrades
| Gunpowder | 1 | |
| Armor | 1 | |
| Flare | 1 | |
| Fragmentation Shards | 1 | |
| Flying Machine Bombs | 1 | |
| Flak Cannons | 1 | |
6 total
» buildings
| Altar of Kings | 1 | |
| Farm | 11 | |
| Lumber Mill | 1 | |
| Scout Tower | 1 | |
| Arcane Tower | 1 | |
| Keep | 2 | |
| Blacksmith | 1 | |
| Castle | 1 | |
| Workshop | 3 | |
22 total
» build order
00:38 Altar of Kings
00:51 Farm
01:08 Lumber Mill
01:30 Farm
01:44 Scout Tower
02:18 Arcane Tower
03:03 Keep
03:03 Keep
03:10 Blacksmith
03:39 Farm
04:23 Farm
04:30 Farm
05:05 Farm
05:27 Castle
05:32 Workshop
05:35 Workshop
05:39 Workshop
05:58 Farm
06:40 Farm
07:00 Farm
07:47 Farm
10:06 Farm
SuicidePainless (
teal | 45 APM | 1613 actions | 36:05)
9 Blademaster
2 Wind Walk
3 Critical Strike
1 Bladestorm
3 Mirror Image
» actions
| Assign group hotkey | 56 | |
| Basic commands | 78 | |
| Build / train | 84 | |
| Enter build submenu | 36 | |
| Enter hero's abilities submenu | 10 | |
| Give item / drop item | 9 | |
| Remove unit from queue | 3 | |
| Right click | 765 | |
| Select / deselect | 303 | |
| Select group hotkey | 127 | |
| Use ability | 142 | |
1613 total
» units
| Peon | 8 | |
| Grunt | 4 | |
| Goblin Shredder | 1 | |
| Goblin Sapper | 9 | |
| Goblin Zeppelin | 5 | |
| Wind Rider | 2 | |
29 total
» upgrades
| Pillage | 1 | |
| Reinforced Defenses | 1 | |
| Ranged Weapons | 3 | |
| Armor | 3 | |
| Troll Regeneration | 1 | |
| Envenomed Spears | 1 | |
| Ensnare | 1 | |
| Liquid Fire | 1 | |
12 total
» buildings
| Orc Burrow | 7 | |
| Altar of Storms | 1 | |
| Barracks | 1 | |
| Voodoo Lounge | 1 | |
| Stronghold | 1 | |
| Great Hall | 1 | |
| War Mill | 1 | |
| Watch Tower | 19 | |
| Fortress | 1 | |
| Beastiary | 5 | |
38 total
» build order
00:18 Orc Burrow
00:53 Altar of Storms
00:55 Barracks
01:12 Orc Burrow
02:14 Voodoo Lounge
02:53 Stronghold
03:52 Great Hall
04:42 War Mill
05:26 Orc Burrow
06:56 Watch Tower
06:56 Watch Tower
06:57 Watch Tower
06:57 Watch Tower
07:05 Fortress
07:57 Watch Tower
07:57 Watch Tower
09:20 Watch Tower
09:21 Watch Tower
09:25 Watch Tower
09:29 Watch Tower
09:31 Watch Tower
09:35 Watch Tower
12:02 Beastiary
12:04 Beastiary
12:07 Beastiary
12:10 Beastiary
12:13 Beastiary
12:17 Watch Tower
12:17 Watch Tower
12:18 Watch Tower
12:45 Watch Tower
12:45 Watch Tower
12:46 Watch Tower
12:47 Watch Tower
22:33 Orc Burrow
22:37 Orc Burrow
22:39 Orc Burrow
22:41 Orc Burrow
» items
| Healing Salve | 5 | |
| Scroll of Town Portal | 7 | |
| Lesser Clarity Potion | 1 | |
| Orb of Lightning | 1 | |
| Staff of Teleportation | 1 | |
| Boots of Speed | 1 | |
| Potion of Healing | 4 | |
| Potion of Mana | 2 | |
| Periapt of Vitality | 2 | |
| Potion of Lesser Invulnerability | 2 | |
| Scroll of Healing | 1 | |
27 total
Chat log
(00:11 / All) IRONFIST.D: finally
(00:24 / All) PhantomDerNacht: long searches these days
(00:32 / All) Justyy: took me 5 secs
(00:39 / Allies) UDWORKER: 10 mins
(01:26 / All) Newbs.: Sleep Now In The Fire
(01:42 / All) Justyy: huh
(01:52 / All) Newbs.: Sleep Now In The Fire
(01:52 / All) SuicidePainless: please stop I gotta check my prostate
(02:06 / All) SuicidePainless: poor sportsmanships
(02:11 / All) Justyy: yeah manner up guys
(02:30 / All) Newbs.: Sleep Now in The Fire
(02:54 / All) Newbs.: FIRE
(02:57 / All) Justyy: fiyahhh
(03:13 / Allies) UDWORKER: units?
(03:24 / All) Newbs.: FIRE your ass
(03:31 / All) Newbs.: Sleep now
(03:32 / Allies) IRONFIST.D: i would prefer u not go chippo pink or dryads
(03:42 / Allies) UDWORKER: im go bears
(03:43 / Allies) PhantomDerNacht: chipo is ok dryads useless
(03:48 / Allies) PhantomDerNacht: kk
(03:49 / Allies) IRONFIST.D: good pick
(03:51 / Allies) Justyy: massin Drys
(03:57 / Allies) PhantomDerNacht: they suck noob
(04:01 / Allies) Justyy: Drys inc
(04:39 / All) Newbs.: Sleep Now In My FIRE
(04:48 / All) Newbs.: FIRE
(04:53 / All) Newbs.: Burn It
(05:23 / Allies) PhantomDerNacht: you are ne why do you need shredder lol
(05:24 / All) Newbs.: FIRE IT
(05:29 / Allies) Justyy: Drys
(05:35 / Allies) UDWORKER: idont
(05:37 / Allies) PhantomDerNacht: you are ne retard you should never ever be low on wood
(05:42 / Allies) UDWORKER: take mine
(05:43 / Allies) Justyy: Drys bro
(05:44 / All) IRONFIST.D: wierd game
(05:47 / All) Newbs.: FULL SCALE
(05:48 / Allies) PhantomDerNacht: kk ty
(05:50 / All) Newbs.: ICBM
(06:14 / All) Newbs.: FULL SCALE
(06:24 / Allies) PhantomDerNacht: oh red took it
(06:24 / All) Newbs.: ICBM
(06:31 / All) Newbs.: NUKE IT
(06:35 / All) Newbs.: FIRE
(06:42 / All) Justyy: rekt
(06:45 / Allies) IRONFIST.D: i didnt take shi tson
(06:49 / All) PhantomDerNacht: You're shit blue
(06:58 / All) PhantomDerNacht: they had an afk and you got lucky
(07:03 / All) Justyy: wat
(07:38 / All) Newbs.: ICBM BATTLE MODE HAS NOW BEEN ACTIVATED FULL SCALE NUCLEAR WAR
(07:49 / All) Justyy: mangy cur!
(07:53 / All) Newbs.: FULL SCALE NUCLEAR WAR
(08:15 / All) Newbs.: ICBM BATTLE MODE
(08:21 / All) Newbs.: FULL SCALE NUCLEAR WAR
(08:24 / All) Newbs.: BEGINS NOW
(08:45 / All) Newbs.: FULL SCALE NUCLEAR WAR
(08:49 / All) Newbs.: AMEN
(09:35 / All) Newbs.: ICBM BATTLE MODE HAS NOW BEEN ACTIVATED FULL SCALE NUCLEAR WAR
(09:42 / All) Newbs.: THE HYDROGEN BOMB
(09:52 / All) Newbs.: THE HYDROGEN BOMB
(10:53 / All) Newbs.: THE HYDROGEN BOMB
(10:59 / All) Newbs.: FULL SCALE NUCLEAR WAR
(11:46 / All) Newbs.: THE HYDROGEN BOMB
(11:51 / All) Newbs.: FULL SCALE
(12:16 / All) Newbs.: SEEK AND DESTROY
(12:22 / All) Newbs.: SEEK AND DESTROY
(13:39 / All) IRONFIST.D: think blue saw me sappering he left
(13:42 / All) Newbs.: NUKE IT
(13:58 / All) Newbs.: ICBM BATTLE MODE
(14:02 / All) Newbs.: NUKE IT
(14:05 / All) Newbs.: NUKE IT
(14:07 / All) Newbs.: NUKE IT
(14:09 / All) Newbs.: NUKE IT
(14:11 / All) Newbs.: NUKE IT
(14:13 / All) Newbs.: NUKE IT
(14:17 / All) Newbs.: NUKE IT
(14:35 / All) Newbs.: NUKE IT
(14:37 / All) Newbs.: NUKE IT
(14:39 / All) Newbs.: ICBM
(14:42 / All) Newbs.: BATTLE MODE
(14:47 / All) Newbs.: NUKE IT
(15:24 / All) Newbs.: NUKE IT
(16:04 / All) Newbs.: NUKE IT
(17:51 / All) Newbs.: NUKE IT
(17:52 / All) PhantomDerNacht: orange doesn't give a shit about saving his base
(17:52 / All) PhantomDerNacht: wtf
(17:55 / All) Newbs.: ICBM
(18:00 / All) PhantomDerNacht: let it die to 1 hero and a handful of gryphons
(18:05 / All) Newbs.: NUKE IT
(19:14 / All) SuicidePainless: orange is giving strategy tips
(19:39 / All) PhantomDerNacht: pink how'd you get your record? you suck ass
(20:27 / All) Newbs.: gg, too many retarded newbs on My side
(20:33 / All) PhantomDerNacht: you were the biggest noob on your side
(20:35 / All) PhantomDerNacht: kill yourself
(20:37 / All) Newbs.: turtles trash
(20:48 / All) PhantomDerNacht: any excuse that makes you feel better, bud
(20:48 / All) Newbs.: you first
(21:11 / All) Newbs.: don't worry nobama care will take care of your life force
(21:21 / All) SuicidePainless: I get 100 food now pink
(21:22 / All) SuicidePainless: homo
(22:00 / All) SuicidePainless: just leave retard ytellow
(22:45 / Allies) IRONFIST.D: got quake pink
(23:12 / All) SuicidePainless: sup bitch
(23:13 / Allies) UDWORKER: no aa
(23:14 / Allies) UDWORKER: ;(
(25:34 / Allies) UDWORKER: why is this game so fucked up
(25:54 / All) PhantomDerNacht: pink how'd you get that record?
(26:18 / All) SuicidePainless: WHAT'S UP PUNK
(26:45 / Allies) UDWORKER: look at that mh
(26:50 / Allies) IRONFIST.D: how
(26:51 / Allies) UDWORKER: dude
(26:52 / Allies) UDWORKER: lol
(26:56 / Allies) PhantomDerNacht: huh
(27:05 / All) IRONFIST.D: wtf pink is blaming green for something
(27:10 / All) PhantomDerNacht: what did i do
(27:10 / Allies) UDWORKER: lol
(27:11 / Allies) UDWORKER: gg
(27:16 / Allies) UDWORKER: this games so fucked up
(27:21 / All) SuKMiBallz: ya pink is bad
(27:23 / All) SuicidePainless: MESS WITH THE BEST DIE LIKE THE REST
(27:27 / Allies) PhantomDerNacht: you're fucked up dudd what are you talking about
(27:29 / All) SuKMiBallz: i agrre i did he get that rec
(27:38 / All) SuKMiBallz: im not even here and he is losing
(27:39 / All) IRONFIST.D: how indeed
(27:51 / All) IRONFIST.D: i see he goes chippo all the time
(27:53 / All) UDWORKER: map hack much
(27:54 / Allies) PhantomDerNacht: wanted some moon juice
(27:55 / All) UDWORKER: wtf.
(28:03 / All) SuicidePainless: CRY MUCH LIL NEWBIE?
(28:08 / All) SuKMiBallz: i anit map hacking
(28:11 / All) UDWORKER: Wtf is this
(28:18 / All) SuicidePainless: YOU JUST GOT SCHOOLED SON
(28:24 / All) SuKMiBallz: i was afk all game and u lost
(28:26 / All) PhantomDerNacht: players above you're level puink
(28:34 / All) SuKMiBallz: damn thats weak
(28:40 / All) UDWORKER: u guys r tking
(28:41 / All) UDWORKER: and
(28:43 / All) UDWORKER: towering
(28:44 / All) IRONFIST.D: wtf
(28:45 / All) PhantomDerNacht: u weak ass dont even have units purple
(29:02 / All) SuKMiBallz: i know thats how good i am
(29:03 / All) IRONFIST.D: standoff
(29:08 / All) IRONFIST.D: pruple will u stay in game if we make it a standoff
(29:15 / All) PhantomDerNacht: you're a shitty cool aid colour purple
(29:15 / Allies) UDWORKER: well
(29:23 / Allies) UDWORKER: when u figure out who wants to win let me know
(29:27 / All) SuKMiBallz: dude im pro
(29:31 / All) SuKMiBallz: brb
(29:33 / All) PhantomDerNacht: how much do u care about winning?
(29:35 / All) PhantomDerNacht: purple?
(29:37 / Allies) UDWORKER: ima go watch tv
(30:29 / All) PhantomDerNacht: opurple uar here?
(30:33 / All) SuKMiBallz: whats up
(30:38 / All) PhantomDerNacht: how much u care about winning
(30:56 / All) PhantomDerNacht: purple?
(30:59 / All) SuKMiBallz: alot now cuz pink needs the loss
(31:01 / All) IRONFIST.D: would u leave wc3 on all night for the win? pink would be doing the same
(31:08 / All) PhantomDerNacht: do u like mexcians purple?
(31:13 / All) PhantomDerNacht: like when they stand. off............'
(31:16 / All) SuKMiBallz: o ya
(31:23 / All) PhantomDerNacht: u like mexican and winner at wc3
(31:55 / All) IRONFIST.D: fine we're making it a standoff then, purple vs pink
(32:05 / All) IRONFIST.D: battle of wills, and internet connections
(32:25 / All) PhantomDerNacht: Wait
(32:27 / All) PhantomDerNacht: i forgot a farm
(33:13 / All) SuicidePainless: SURPRISE
(34:13 / All) IRONFIST.D: purple vs pink we will whisper u tomorrow if game is still on guys
(34:23 / All) SuicidePainless: my bm is trappedl ol
(34:37 / All) IRONFIST.D: need me to kill?
(34:38 / All) SuicidePainless: lol it's trapped
(34:39 / All) IRONFIST.D: u got zeps too
(34:40 / All) SuicidePainless: nah
(34:44 / All) SuicidePainless: it's blocked by items
(34:45 / All) IRONFIST.D: where let mr eveal
(34:53 / All) IRONFIST.D: im buying a zep rod
(34:57 / All) PhantomDerNacht: k
(35:05 / All) PhantomDerNacht: quake urself to death
(35:07 / All) IRONFIST.D: use quek on w/e once i do
(35:31 / All) SuicidePainless: just my birds left?
(35:54 / All) IRONFIST.D: yes
(35:57 / All) PhantomDerNacht: GOOD LUCK EVERYONE
(36:02 / All) SuicidePainless: best of luck gentlemen